 Dungeon Crawl Stone Soup version 0.28.0-1-gb440e238dd (webtiles) character file.

Game seed: 12797638799223897468

427 issech the Cudgeller (level 6, -12/61 HPs)
             Began as a Troll Monk on Feb 26, 2022.
             Mangled by an ogre (29 damage)
             ... on level 5 of the Dungeon.
             The game lasted 00:11:41 (3228 turns).

issech the Cudgeller (Troll Monk)                   Turns: 3228, Time: 00:11:42

Health: -12/61     AC: -4    Str: 32    XL:     6   Next: 65%
Magic:  5/5        EV: 11    Int:  6    God:
Gold:   167        SH:  0    Dex: 14    Spells: 5/5 levels left

rFire   . . .      SeeInvis .   B - +4 dagger "Motemom" {spect, Str+6}
rCold   . . .      Faith    .   (no shield)
rNeg    + . .      Spirit   .   b - +0 robe
rPois   .          Reflect  .   (helmet restricted)
rElec   .          Harm     .   (no cloak)
rCorr   .          Rampage  .   (gloves unavailable)
Will    .....                   (boots unavailable)
Stlth   ++........              (no amulet)
HPRegen 1.00/turn               e - +6 ring of strength
MPRegen 0.09/turn               l - ring of positive energy

@: corroded
A: large, unfitting armour, claws 3, regeneration 1, shaggy fur 1, tough skin 1
a: no special abilities


You were on level 5 of the Dungeon.
You visited 1 branch of the dungeon, and saw 5 of its levels.

You collected 167 gold pieces.

Inventory:

Hand Weapons
 a - a +0 mace
 u - a +0 morningstar
 y - a +0 hunting sling
 B - the +4 dagger "Motemom" (weapon) {spect, Str+6}
   (You found it on level 4 of the Dungeon)

   When its wielder attacks, the weapon's spirit leaps out and strikes again.
   The spirit shares a part of any damage it takes with its wielder.
   Str:       It affects your strength (+6).
Missiles
 c - 87 stones (quivered)
 g - 3 javelins
 i - 4 poisoned darts
 m - 27 sling bullets
 q - 37 arrows
 w - 24 bolts
Armour
 b - a +0 robe (worn)
Jewellery
 e - a +6 ring of strength (left claw)
 l - a ring of positive energy (right claw)
Wands
 f - a wand of flame (15)
 x - a wand of digging (6)
Scrolls
 d - 2 scrolls of teleportation
 h - a scroll of holy word
 j - a scroll of vulnerability
 k - a scroll of blinking
 o - a scroll of noise {unknown}
 t - a scroll of magic mapping {unknown}
 v - a scroll of fear {unknown}
Potions
 n - a potion of attraction {unknown}
 p - a potion of mutation {unknown}
 r - a potion of flight {unknown}
 s - 3 potions of curing {unknown}
 z - a potion of brilliance {unknown}
 A - a potion of lignification {unknown}


   Skills:
 + Level 3.3 Fighting
 + Level 0.1 Short Blades
 + Level 5.2 Maces & Flails
 + Level 3.6 Dodging
 + Level 1.5 Stealth


You had 5 spell levels left.
You didn't know any spells.
Your spell library contained the following spells:

 Spells                   Type           Power      Damage    Failure   Level
 Ensorcelled Hibernation  Hex/Ice        0%         N/A       58%         2
 Passwall                 Tmut/Erth      0%         N/A       58%         2
 Dazzling Flash           Conj/Hex       0%         N/A       83%         3
 Swiftness                Air            0%         N/A       83%         3
 Agony                    Necr           0%         N/A       100%        5
 Silence                  Hex/Air        0%         N/A       100%        5


Dungeon Overview and Level Annotations

Branches:
Dungeon (5/15)
 Temple: D:4-7

Altars:
Ashenzari
Fedhas
Xom
The Shining One

Annotations:
D:5 1 transporter


Innate Abilities, Weirdness & Mutations

You are too large for most types of armour.
You have claws for hands.
Your natural rate of healing is unusually fast.
You are covered in fur. (AC +1)
You have tough skin. (AC +1)


Message History

You barely miss the bullfrog zombie.
The bullfrog zombie is moderately damaged.
Your +4 dagger "Motemom" {spect, Str+6} hits the bullfrog zombie.
The bullfrog zombie closely misses you.
You hit the bullfrog zombie.
The bullfrog zombie is heavily damaged.
Your +4 dagger "Motemom" {spect, Str+6} barely misses the bullfrog zombie.
The bullfrog zombie hits you.
You barely miss the bullfrog zombie.
The bullfrog zombie is heavily damaged.
Your +4 dagger "Motemom" {spect, Str+6} hits the bullfrog zombie.
The bullfrog zombie hits your +4 dagger "Motemom" {spect, Str+6} but does no damage. x2
You hit the bullfrog zombie.
The bullfrog zombie is severely damaged.
Your +4 dagger "Motemom" {spect, Str+6} hits the bullfrog zombie.
The bullfrog zombie barely misses you.
You hit the bullfrog zombie but do no damage.
The bullfrog zombie is severely damaged.
Your +4 dagger "Motemom" {spect, Str+6} hits the bullfrog zombie.
The bullfrog zombie hits you.
You hit the bullfrog zombie.
You destroy the bullfrog zombie!
A dart slug and an ogre come into view.
The ogre shouts!
You hear a shout!
A hound skeleton comes into view.
A dart slug comes into view.
The dart slug launches a dart at you. The slug dart misses you.
The ogre hits you with a +0 giant club!!
You hit the ogre but do no damage.
Your +4 dagger "Motemom" {spect, Str+6} hits the ogre.
The ogre closely misses you. The ogre hits you with a +0 giant club!
* * * LOW HITPOINT WARNING * * *
The hound skeleton barely misses you.
You hit the ogre.
The ogre is moderately wounded.
Your +4 dagger "Motemom" {spect, Str+6} hits the ogre.
The ogre hits you with a +0 giant club!!
You die...

. ... #...... .. .###...##
#########...... ###. ..#....
..©..........## ..... #.....
............## ......#..#.###
###....>.###.#
.w...........###.....#### #.#
......##.##..##....## #.#
#...........Z.....# #.#
#......w...wO@§.## ###.#
#.............(#..## #...#
...............#††.# ##.####.
.................#.#####..#J...
.....................S........#
.........................J...##
............................##
..#.......................###
......##.........#


You could see an ogre, 2 dart slugs, a hound skeleton and a friendly +4 dagger
"Motemom" {spect, Str+6} (summoned).

Vanquished Creatures
  2 scorpions (D:4)
  A bullfrog zombie (D:5)
  A hound (D:5)
  An orc priest (D:4)
  2 jellies
  An orc wizard (D:3)
  A howler monkey skeleton (D:4)
  4 adders
  An adder skeleton (D:4)
  A worm (D:4)
  4 dart slugs
  4 orcs (D:3)
  2 ball pythons
  4 bats
  7 endoplasms
  10 giant cockroaches
  5 goblins
  5 hobgoblins
  6 jackals
  3 kobolds
  4 quokkas
  4 frilled lizards
  4 rats
77 creatures vanquished.

Vanquished Creatures (others)
  A fungus (D:1)
1 creature vanquished.

Grand Total: 78 creatures vanquished

Notes
Turn   | Place    | Note
-------+----------+-------------------------------------------
     0 | D:1      | issech the Troll Monk began the quest for the Orb.
     0 | D:1      | Reached XP level 1. HP: 22/22 MP: 0/0
   127 | D:1      | Reached skill level 3 in Maces & Flails
   145 | D:1      | Reached XP level 2. HP: 29/29 MP: 1/1
   150 | D:1      | Found a faded altar of an unknown god.
   513 | D:1      | Reached XP level 3. HP: 36/36 MP: 2/2
  1744 | D:3      | Reached XP level 4. HP: 42/44 MP: 3/3
  1959 | D:3      | Found a glowing golden altar of the Shining One.
  1959 | D:3      | Found a blossoming altar of Fedhas.
  1960 | D:3      | Found a broken altar of Ashenzari.
  2129 | D:4      | Found a shimmering altar of Xom.
  2195 | D:4      | Reached skill level 4 in Maces & Flails
  2232 | D:4      | Noticed a scorpion
  2362 | D:4      | Killed a scorpion
  2363 | D:4      | Reached XP level 5. HP: 36/52 MP: 4/4
  2811 | D:4      | Reached XP level 6. HP: 51/61 MP: 5/5
  2873 | D:4      | Identified the +4 dagger "Motemom" {spect, Str+6}
  3149 | D:5      | Entered Level 5 of the Dungeon
  3162 | D:5      | Found a transporter.
  3197 | D:5      | Reached skill level 5 in Maces & Flails
  3228 | D:5      | Mangled by an ogre

Illustrated notes

Levels and vault maps discovered:
D:1:      dpeg_arrival_refuge, layout_basic, shapermc_ecumenical_altar_gd,
          hex_large, minmay_stone_trees_small
D:2:      layout_loops_ring, st_stairs_1, minmay_misc_feat_iff
D:3:      layout_basic, gammafunk_temple_overflow_claw
D:4:      layout_gridville, xom_teletrap_fun
D:5:      layout_rooms, minmay_temple_entry_butterflies, gup_sewer_entry_spiral,
          gammafunk_ghost_mausoleum, minmay_misc_feat_more_columns,
          uniq_crazy_yiuf_cottage

Skill      XL: |  1  2  3  4  5  6 |
---------------+-------------------+-----
Maces & Flails | 3 4 5 |  5.2
Dodging        | 3 |  3.6
Fighting       | 3 |  3.3
Short Blades   | |  0.1
Stealth        | |  1.5

Action                   |  1- 3 |  4- 6 || total
-------------------------+-------+-------++-------
Melee: Mace              |   121 |       ||   121
       Morningstar       |     3 |   115 ||   118
       Punch             |     1 |       ||     1
       Dagger            |       |    15 ||    15
Throw: Stone             |       |     2 ||     2
  Use: Scroll            |       |     4 ||     4
 Stab: Sleeping          |     3 |     1 ||     4
Armor: Robe              |    51 |    46 ||    97
Dodge: Dodged            |    71 |   111 ||   182
